 Dungeon Sprint DCSS version 0.26-a0-708-g17f3b190f9 (webtiles) character file.

Game seed: 5620243075897707373

25078 mhtbhm the Fencer (level 12, -7/130 HPs)
             Began as a Minotaur Fighter on Oct 28, 2020.
             Was the Champion of Okawaru.
             Killed by the raging water
             ... invoked by a water nymph
              (26 damage)
             ... in the Dungeon (Sprint IX: "|||||||||||||||||||||||||||||").
             The game lasted 00:05:26 (2072 turns).

mhtbhm the Fencer (Minotaur Fighter)                Turns: 2072, Time: 00:05:26

Health: -7/130     AC: 20    Str: 29    XL:     12   Next: 86%
Magic:  11/11      EV: 17    Int:  5    God:    Okawaru [******]
Gold:   359        SH: 16    Dex: 14    Spells: 11/11 levels left

rFire    + . .     SeeInvis .   a - +2 scimitar of Popular Demand {vamp, rC+ Dex+4}
rCold    + + .     Faith    .   c - +0 kite shield
rNeg     . . .     Spirit   .   b - +0 storm dragon scales
rPois    +         Reflect  .   (helmet restricted)
rElec    +         Harm     .   z - scarf {rC+ rF+}
rCorr    .         Rampage  .   y - +0 pair of gloves {Str+3}
MR       +....     NoTele   +   (no boots)
Stlth    ..........             (no amulet)
HPRegen  0.31/turn              E - ring of poison resistance
MPRegen  0.12/turn              q - +2 ring of evasion

@: very slow
A: retaliatory headbutt, horns 2, iridescent scales 1, magic resistance 1
a: Heroism, Finesse, Renounce Religion


You were in the Dungeon.
You worshipped Okawaru.
Okawaru was exalted by your worship.
You visited 1 branch You collected 1935 gold pieces.
You spent 1576 gold pieces at shops.

Inventory:

Hand Weapons
 a - the +2 scimitar of Popular Demand (weapon) {vamp, rC+ Dex+4}
   (You found it in the Dungeon)

   It inflicts no extra harm, but heals its wielder when it wounds a living foe.
   It affects your dexterity (+4).
   It protects you from cold.
 x - a +0 scimitar of holy wrath
Missiles
 w - 6 atropa-tipped darts (quivered)
Armour
 b - +0 storm dragon scales (worn)
 c - a +0 kite shield (worn)
 y - a +0 pair of gloves of strength (worn)
 z - a scarf of resistance (worn)
Jewellery
 q - a +2 ring of evasion (right hand)
 A - an uncursed ring of protection from cold
 E - a ring of poison resistance (left hand)
 F - an uncursed ring of protection from magic
 G - an uncursed ring of protection from fire
Wands
 n - a wand of iceblast (8)
 B - a wand of flame (16)
Scrolls
 j - 4 scrolls of blinking
 l - 3 scrolls of remove curse
 m - 2 scrolls of amnesia
 s - 5 scrolls of identify
 t - 2 scrolls of enchant armour
 u - 5 scrolls of fog
 v - 2 scrolls of enchant weapon
Potions
 d - 2 potions of might
 e - 8 potions of curing
 f - 3 potions of heal wounds
 g - a potion of haste
 h - 4 potions of magic
 i - 2 potions of berserk rage
 k - a potion of invisibility
 p - a potion of stabbing
 r - a potion of brilliance
 C - a potion of resistance
 D - a potion of mutation


   Skills:
 + Level 19.4 Fighting
 + Level 20.3 Long Blades
 + Level 14.7 Armour
 + Level 10.2 Dodging
 + Level 2.1 Stealth
 + Level 19.2 Shields
 + Level 2.0 Evocations


You had 11 spell levels left.
You didn't know any spells.
Your spell library contained the following spells:

 Spells                   Type           Power        Failure   Level
 Confusing Touch          Hex            #.......     99%         3
 Gell's Gravitas          Tloc           #.........   99%         3
 Petrify                  Tmut/Erth      #.......     100%        4
 Metabolic Englaciation   Hex/Ice        #.........   100%        5
 Yara's Violent Unravell  Hex/Tmut       #.........   100%        5


Dungeon Overview and Level Annotations

Branches:
Dungeon (1/1)

Altars:
Cheibriados
Dithmenos
Elyvilon
Fedhas
Gozag
Hepliaklqana
Kikubaaqudgha
Makhleb
Nemelex Xobeh
Okawaru
Qazlal
Ru
Sif Muna
Trog
Uskayaw
Vehumet
Wu Jian
Xom
Yredelemnul
Zin
The Shining One
Beogh
Jiyva
Lugonu

Shops:
D (**[


Innate Abilities, Weirdness & Mutations

You reflexively headbutt those who attack you in melee.
You have a pair of horns on your head.
You are partially covered in iridescent scales. (AC +2)
You are resistant to hostile enchantments. (MR+)


Message History

The water nymph is lightly wounded.
You miss the water nymph.
The water nymph is lightly wounded.
You block the water nymph's attack.
You completely miss the water nymph. You headbutt the water nymph.
The water nymph is lightly wounded.
The water nymph casts a spell at you. The water swirls and strikes you!!
* * * LOW HITPOINT WARNING * * *
Your unstable footing causes you to fumble your attack.
The water nymph points at you and mumbles some strange words.
The water swirls and strikes you!!
* * * LOW HITPOINT WARNING * * *
You barely miss the water nymph. You headbutt the water nymph.
The water nymph is moderately wounded.
You closely miss the water nymph. You headbutt the water nymph!
The water nymph is heavily wounded.
The water nymph points at you and mumbles some strange words.
The water swirls and strikes you!!
You die...

........).)))).)......'))[)))))..
▓▓▓▓▓▓▓▓▓▓▓▓▓▓▓▓▓▓▓▓▓▓▓▓▓▓▓▓▓▓▓▓▓
..............................)..
▓▓▓▓▓▓▓▓▓▓▓▓▓▓▓▓▓▓▓▓▓▓▓▓▓▓▓▓▓▓▓▓▓
....'..=..=))))))).[[[[[[[[....((
▓▓▓▓▓▓▓▓▓▓▓▓▓▓▓▓▓▓▓▓▓▓▓▓▓▓▓▓▓▓▓▓▓
.................................
▓▓▓▓▓▓▓▓▓▓▓▓▓▓▓▓▓▓▓▓♣♣♣♣♣♣♣♣♣♣▓▓▓
..........'.)††.@mSm+
▓▓▓▓▓▓▓▓▓▓▓▓▓▓▓▓▓▓▓▓♣


You could see a sea snake, a merfolk and a water nymph.

Vanquished Creatures
  A stone giant (D)
  2 dire elephants (D)
  An ettin (D)
  2 fire dragons (D)
  Erolcha (D)
  A boulder beetle (D)
  A merfolk avatar (D)
  A centaur warrior (D)
  2 alligator snapping turtles (D)
  2 tengu warriors (D)
  A wizard (D)
  5 orc sorcerers (D)
  6 orc knights (D)
  A black mamba (D)
  A manticore (D)
  8 elephants (D)
  3 cane toads (D)
  2 yaktaurs (D)
  3 komodo dragons (D)
  2 merfolk (D)
  2 blink frogs (D)
  A vampire (D)
  2 wyverns (D)
  A water elemental (D)
  A yak (D)
  Grum (D)
  A vampire mosquito (D)
  3 water moccasins (D)
  10 orc warriors (D)
  2 necrophages (D)
  A phantom (D)
  4 wolves (D)
  An ogre (D)
  3 bullfrogs (D)
  4 orc priests (D)
  10 orc wizards (D)
  An adder (D)
  An ufetubus (D)
  3 adder skeletons (D)
  A worm (D)
  6 orcs (D)
  A bat skeleton (D)
  A giant cockroach (D)
  2 goblins (D)
  A jackal (D)
  A kobold (D)
  A quokka (D)
  A bat (D)
113 creatures vanquished.

Notes
Turn   | Place    | Note
-------+----------+-------------------------------------------
     0 | D        | mhtbhm the Minotaur Fighter began the quest for the Orb.
     0 | D        | Reached XP level 1. HP: 19/19 MP: 0/0
    98 | D        | Noticed an orc wizard
   104 | D        | Reached skill level 5 in Armour
   104 | D        | Reached XP level 2. HP: 26/28 MP: 1/1
   117 | D        | Reached skill level 5 in Fighting
   117 | D        | Reached skill level 3 in Long Blades
   117 | D        | Reached skill level 5 in Shields
   117 | D        | Reached XP level 3. HP: 26/36 MP: 2/2
   130 | D        | Found a roughly hewn altar of Beogh.
   130 | D        | Found a snail-covered altar of Cheibriados.
   130 | D        | Found a shadowy altar of Dithmenos.
   130 | D        | Found a white marble altar of Elyvilon.
   130 | D        | Found a blossoming altar of Fedhas.
   130 | D        | Found an opulent altar of Gozag.
   131 | D        | Found a hazy altar of Hepliaklqana.
   132 | D        | Found a viscous altar of Jiyva.
   133 | D        | Found an ancient bone altar of Kikubaaqudgha.
   134 | D        | Found a corrupted altar of Lugonu.
   135 | D        | Found a burning altar of Makhleb.
   136 | D        | Found a sparkling altar of Nemelex Xobeh.
   137 | D        | Found an iron altar of Okawaru.
   138 | D        | Found a stormy altar of Qazlal.
   139 | D        | Found a sacrificial altar of Ru.
   140 | D        | Found a shimmering blue altar of Sif Muna.
   141 | D        | Found a bloodstained altar of Trog.
   142 | D        | Found a hide-covered altar of Uskayaw.
   143 | D        | Found a radiant altar of Vehumet.
   144 | D        | Found an ornate altar of the Wu Jian Council.
   145 | D        | Found a shimmering altar of Xom.
   146 | D        | Found a basalt altar of Yredelemnul.
   149 | D        | Became a worshipper of Warmaster Okawaru
   152 | D        | Found a glowing silver altar of Zin.
   153 | D        | Found a glowing golden altar of the Shining One.
   232 | D        | Got the +2 scimitar of Popular Demand {vamp, rC+ Dex+4}
   244 | D        | Noticed a necrophage
   244 | D        | Noticed an ogre
   252 | D        | Killed a necrophage
   252 | D        | Reached * piety under Okawaru
   252 | D        | Reached skill level 5 in Long Blades
   252 | D        | Reached XP level 4. HP: 45/47 MP: 3/3
   252 | D        | Reached XP level 5. HP: 50/52 MP: 4/4
   257 | D        | Killed an ogre
   257 | D        | Reached skill level 6 in Long Blades
   257 | D        | Reached skill level 1 in Dodging
   380 | D        | Noticed a manticore
   380 | D        | Noticed a tengu warrior
   380 | D        | Noticed a yak
   380 | D        | Noticed a wyvern
   380 | D        | Noticed a phantom
   380 | D        | Noticed a necrophage
   384 | D        | Killed a manticore
   384 | D        | Reached ** piety under Okawaru
   384 | D        | Reached skill level 9 in Long Blades
   384 | D        | Reached skill level 10 in Shields
   384 | D        | Reached XP level 6. HP: 43/64 MP: 5/5
   384 | D        | Reached XP level 7. HP: 47/70 MP: 6/6
   394 | D        | Killed a tengu warrior
   394 | D        | Reached *** piety under Okawaru
   394 | D        | Reached skill level 10 in Fighting
   394 | D        | Reached skill level 11 in Long Blades
   394 | D        | Reached skill level 10 in Armour
   394 | D        | Reached XP level 8. HP: 49/80 MP: 7/7
   402 | D        | Reached **** piety under Okawaru
   402 | D        | Reached skill level 12 in Long Blades
   402 | D        | Reached skill level 1 in Evocations
   675 | D        | Noticed a blink frog
   675 | D        | Noticed a komodo dragon
   675 | D        | Noticed a cane toad
   676 | D        | Noticed a black mamba
   683 | D        | Killed a blink frog
   686 | D        | Reached skill level 13 in Long Blades
   690 | D        | Noticed an elephant
   692 | D        | Reached XP level 9. HP: 83/89 MP: 8/8
   701 | D        | Killed a komodo dragon
   706 | D        | Killed a cane toad
   706 | D        | Reached ***** piety under Okawaru
   706 | D        | Reached skill level 14 in Long Blades
   706 | D        | Reached skill level 5 in Dodging
   710 | D        | Killed a black mamba
   725 | D        | Killed an elephant
   764 | D        | Noticed an elephant
   764 | D        | Noticed a cane toad
   764 | D        | Noticed a komodo dragon
   764 | D        | Noticed a komodo dragon
   767 | D        | Killed an elephant
   767 | D        | Reached skill level 15 in Long Blades
   767 | D        | Noticed a cane toad
   771 | D        | Killed a cane toad
   771 | D        | Reached XP level 10. HP: 98/100 MP: 9/9
   775 | D        | Received a gift from Okawaru
   791 | D        | Reached skill level 16 in Long Blades
   793 | D        | Noticed a boulder beetle
   798 | D        | Killed a cane toad
   818 | D        | Killed a boulder beetle
   818 | D        | Reached ****** piety under Okawaru
   832 | D        | Noticed an elephant
   832 | D        | Noticed an elephant
   832 | D        | Noticed an elephant
   832 | D        | Noticed a dire elephant
   832 | D        | Noticed an elephant
   832 | D        | Noticed an elephant
   837 | D        | Killed an elephant
   837 | D        | Received a gift from Okawaru
   837 | D        | Noticed an elephant
   845 | D        | Killed an elephant
   846 | D        | Noticed a dire elephant
   851 | D        | Killed an elephant
   851 | D        | Reached skill level 17 in Long Blades
   866 | D        | Killed a dire elephant
   866 | D        | Reached skill level 15 in Shields
   866 | D        | Reached XP level 11. HP: 76/111 MP: 10/10
   885 | D        | Killed a dire elephant
   885 | D        | Reached skill level 15 in Fighting
   898 | D        | Reached skill level 18 in Long Blades
  1192 | D        | Noticed an orc knight
  1192 | D        | Noticed an orc knight
  1192 | D        | Noticed an orc knight
  1193 | D        | Noticed an orc knight
  1195 | D        | Noticed an orc knight
  1201 | D        | Killed an orc knight
  1203 | D        | Noticed an orc knight
  1211 | D        | Killed an orc knight
  1218 | D        | Killed an orc knight
  1218 | D        | Received a gift from Okawaru
  1227 | D        | Killed an orc knight
  1241 | D        | Killed an orc knight
  1248 | D        | Killed an orc knight
  1248 | D        | Received a gift from Okawaru
  1290 | D        | Got an encrusted hat {god gift}
  1296 | D        | Identified the +0 hat "Coschog" {rElec rC- Dex+2} (Okawaru
                  | gifted it to you in the Dungeon)
  1367 | D        | Found Kirchuull's Weapon Emporium.
  1367 | D        | Noticed an orc sorcerer
  1367 | D        | Noticed an orc sorcerer
  1369 | D        | Paralysed by an orc sorcerer for 6 turns
  1380 | D        | Killed an orc sorcerer
  1382 | D        | Gained mutation: You are frail. (-10% HP) [a neqoxec]
  1390 | D        | Killed an orc sorcerer
  1397 | D        | Found Ofudaf's Assorted Antiques.
  1403 | D        | Found Feaseh's General Store.
  1407 | D        | Found Toseaf's Antique Armour Shoppe.
  1411 | D        | Noticed an orc sorcerer
  1414 | D        | Noticed an orc sorcerer
  1415 | D        | Noticed an orc sorcerer
  1426 | D        | Killed an orc sorcerer
  1426 | D        | Reached skill level 1 in Stealth
  1442 | D        | Gained mutation: You are weak. (Str -2) [a neqoxec]
  1453 | D        | Paralysed by an orc sorcerer for 2 turns
  1455 | D        | Noticed a soul eater
  1457 | D        | Killed an orc sorcerer
  1462 | D        | Killed an orc sorcerer
  1462 | D        | Reached skill level 19 in Long Blades
  1507 | D        | Bought a scarf of resistance for 320 gold pieces
  1507 | D        | Bought a scroll of blinking for 75 gold pieces
  1507 | D        | Bought a scroll of blinking for 75 gold pieces
  1509 | D        | Bought a copper ring for 120 gold pieces
  1509 | D        | Bought a blackened iron wand for 96 gold pieces
  1509 | D        | Bought a glowing garnet ring for 120 gold pieces
  1509 | D        | Bought a glowing garnet ring for 120 gold pieces
  1523 | D        | Bought a runed plate armour for 650 gold pieces
  1569 | D        | Noticed Erolcha
  1577 | D        | Paralysed by Erolcha for 6 turns
  1585 | D        | Killed Erolcha
  1585 | D        | Reached XP level 12. HP: 97/112 MP: 11/11
  1596 | D        | Noticed Grum
  1604 | D        | Killed Grum
  1738 | D        | Lost mutation: You are weak. (Str -2) [potion of mutation]
  1738 | D        | Lost mutation: You are frail. (-10% HP) [potion of
                  | mutation]
  1738 | D        | Gained mutation: You are resistant to hostile enchantments.
                  | (MR+) [potion of mutation]
  1738 | D        | Gained mutation: You are partially covered in iridescent
                  | scales. (AC +2) [potion of mutation]
  1759 | D        | Noticed a tengu warrior
  1763 | D        | Noticed a fire dragon
  1767 | D        | Noticed a centaur warrior
  1771 | D        | Noticed a fire dragon
  1779 | D        | Killed a tengu warrior
  1784 | D        | Killed a fire dragon
  1789 | D        | Killed a centaur warrior
  1799 | D        | Noticed a stone giant
  1801 | D        | Killed a fire dragon
  1801 | D        | Received a gift from Okawaru
  1803 | D        | Noticed an ettin
  1818 | D        | Killed a stone giant
  1818 | D        | Reached skill level 10 in Dodging
  1831 | D        | Killed an ettin
  1831 | D        | Reached skill level 20 in Long Blades
  2004 | D        | Noticed a merfolk avatar
  2004 | D        | Noticed an alligator snapping turtle
  2009 | D        | Noticed an alligator snapping turtle
  2024 | D        | Killed a merfolk avatar
  2034 | D        | Killed an alligator snapping turtle
  2050 | D        | Killed an alligator snapping turtle
  2072 | D        | Killed from afar by a water nymph

Illustrated notes

Levels and vault maps discovered:
D:        linesprint [early_d, line_temple, items_1, d_10, items_2, lair_1,
          lair_end, items_3, orc_1, orc_end, items_4, d_15, swamp_1, shoals_1,
          snake_1, spider_1, d_20, vaults_1, items_5, swamp_end, shoals_end,
          snake_end, spider_end, vaults_end, d_27, items_6, zot_1, zot_end,
          crypt_end, forest_end, elf_end, slime_end, tomb_end, abyss_end,
          pan_hell_end]

Skill      XL: |  1  2  3  4  5  6  7  8  9 10 11 12 |
---------------+-------------------------------------+-----
Fighting       | 4 5 7 9 10 11 12 14 17 19 | 19.4
Armour         | 5 7 9 10 11 12 13 14 | 14.7
Shields        | 4 5 7 10 11 12 13 15 17 19 | 19.2
Long Blades    | 3 5 9 11 13 15 17 19 20 | 20.3
Dodging        | 2 3 4 5 7 9 10 | 10.2
Evocations     | 1 2 |  2.0
Stealth        | 1 2 |  2.1

Action                   |  1- 3 |  4- 6 |  7- 9 | 10-12 || total
-------------------------+-------+-------+-------+-------++-------
Melee: Long sword        |    32 |       |       |       ||    32
       Headbutt          |     3 |     1 |    27 |   154 ||   185
       Scimitar          |     8 |    11 |    79 |   461 ||   559
Evoke: Wand              |       |     2 |       |       ||     2
  Use: Potion            |       |       |       |     1 ||     1
Armor: Scale mail        |    17 |     3 |    11 |    44 ||    75
       Plate armour      |       |       |       |     5 ||     5
       Storm dragon scal |       |       |       |    18 ||    18
Dodge: Dodged            |     8 |     6 |    28 |    94 ||   136
Block: Kite shield       |    17 |     4 |    30 |   164 ||   215
       Rpst.: Scimitar   |       |     3 |     8 |    21 ||    32

Table legend: (Time is in decaauts)
 A = Elapsed time spent in this place.
 B = Non-inter-level travel time spent in this place.
 C = Inter-level travel time spent in this place.
 D = Time resting spent in this place.
 E = Time spent auto-exploring this place.
 F = Levels seen in this place.
 G = Mean time per level.
                   A        B        C        D        E       F      G
               +--------+--------+--------+--------+--------+-----+--------+
         Total |   1928 |   1928 |      0 |    413 |    426 |   1 | 1928.0 |
       Dungeon |   1928 |   1928 |      0 |    413 |    426 |   1 | 1928.0 |
               +--------+--------+--------+--------+--------+-----+--------+

Top non-repeatable levels by time:
       D: 1928 daAuts
